 Dungeon Crawl Stone Soup version 0.30-a0-591-g3c58d2bc28 (webtiles) character file.

Game seed: 17884964899974429505

56 sokol815 the Cudgeller (level 3, -12/23 HPs)
             Began as a Gargoyle Monk on Jan 4, 2023.
             Mangled by a gnoll
             ... wielding a +0 halberd
              (15 damage)
             ... on level 2 of the Dungeon.
             The game lasted 00:02:08 (1266 turns).

sokol815 the Cudgeller (Gargoyle Monk)              Turns: 1266, Time: 00:02:08

Health: -12/23     AC:  6    Str: 16    XL:     3   Next: 97%
Magic:  3/3        EV: 12    Int: 10    God:
Gold:   52         SH:  0    Dex: 12    Spells: 2/2 levels left

rFire   . . .      SeeInvis .    a - +0 mace
rCold   . . .      Faith    .    (no shield)
rNeg    + . .      Spirit   .    h - +0 leather armour
rPois   ∞          Reflect  .    (no helmet)
rElec   +          Harm     .    (no cloak)
rCorr   .          Rampage  .    (no gloves)
Will    .....                    (no boots)
Stlth   ++                       (no amulet)
HPRegen 0.23/turn                (no ring)
MPRegen 0.08/turn                (no ring)

@: no status effects
A: sickness immunity, AC +3, negative energy resistance 1, electricity
resistance, torment resistance 1, petrification resistance
a: no special abilities


You were on level 2 of the Dungeon.
You visited 1 branch of the dungeon, and saw 2 of its levels.

You collected 52 gold pieces.

Inventory:

Hand Weapons
 a - a +0 mace (weapon)
Missiles
 d - 2 boomerangs
Armour
 b - a +0 robe
 h - a +0 leather armour (worn)
   (You found it on level 1 of the Dungeon)
Wands
 l - a wand of roots (3)
   (You found it on level 2 of the Dungeon)
Scrolls
 e - a scroll of amnesia {unknown}
 f - a scroll of teleportation {unknown}
 g - a scroll of magic mapping {unknown}
 m - 3 scrolls of identify {unknown}
Potions
 c - a potion of mutation {unknown}
 i - a potion of haste {unknown}
 j - a potion of curing {unknown}
 k - a potion of might {unknown}
 G - a potion of ambrosia {!q}


   Skills:
 - Level 3.2 Fighting
 + Level 4.7 Maces & Flails
 - Level 2.4 Dodging
 - Level 2.1 Stealth


You had 2 spell levels left.
You didn't know any spells.
Your spell library was empty.

Dungeon Overview and Level Annotations

Branches:
Dungeon (2/15) Zot: 10705

Altars:


Innate Abilities, Weirdness & Mutations

You are immune to sickness and miasma.
Your stone body is resilient. (AC +3)
You are immune to poison.
You resist negative energy. (rN+)
You are resistant to electric shocks. (rElec)
You are resistant to unholy torment.
You are immune to petrification.


Message History

You see here a ball python corpse.
Found a stone staircase leading down.
Health restored: 23 You now have 52 gold pieces (gained 8).
Found a stone staircase leading up.
A bat comes into view.
A bat is nearby!
The bat misses you. The bat hits you but does no damage.
You closely miss the bat. You punch the bat, but do no damage.
The bat closely misses you. The bat hits you but does no damage. x2
You miss the bat. The bat misses you. The bat hits you but does no damage.
You miss the bat. The bat hits you but does no damage. x2
The bat closely misses you. The bat hits you but does no damage.
You hit the bat.
You kill the bat!
No target in view!
No target in view!
An endoplasm comes into view.
The endoplasm quivers.
You see here a +0 falchion.
The endoplasm freezes you.
You are frozen.
You take 5 damage, and have 18/23 hp.
MASSIVE DAMAGE!!
You hit the endoplasm.
You kill the endoplasm!
No target in view!
m - 3 scrolls labelled RAOFAL ZIKE (gained 1)
A hobgoblin comes into view.
The hobgoblin shouts!
The hobgoblin moves out of view.
Health restored: 23 The hobgoblin closely misses you.
You closely miss the hobgoblin.
The hobgoblin hits you but does no damage.
You barely miss the hobgoblin. The hobgoblin barely misses you.
You closely miss the hobgoblin. The hobgoblin hits you.
You take 3 damage, and have 20/23 hp.
You hit the hobgoblin.
You kill the hobgoblin!
No target in view!
No target in view!
Found a stone staircase leading down.
Health restored: 23 No target in view!
You open the door.
A gnoll and 2 jackals come into view.
The jackal barks! x2; The gnoll shouts!
You hit the jackal.
The jackal bites you but does no damage.
The gnoll barely misses you.
You hit the jackal but do no damage. The jackal closely misses you.
The jackal bites you. The gnoll closely misses you.
You take 2 damage, and have 21/23 hp.
You hit the jackal.
The jackal bites you but does no damage.
The gnoll misses you. The jackal misses you.
You hit the jackal but do no damage. The jackal closely misses you.
The gnoll misses you.
You hit the jackal but do no damage. The jackal closely misses you.
The gnoll closely misses you. The jackal barely misses you.
You closely miss the jackal.
The gnoll hits you from afar with a +0 halberd.
The jackal bites you but does no damage.
The gnoll closely misses you.
You take 3 damage, and have 19/23 hp.
You hit the jackal.
You kill the jackal!
The jackal bites you but does no damage.
The gnoll barely misses you.
You hit the jackal. The jackal barely misses you.
The gnoll completely misses you.
You hit the jackal but do no damage. The jackal closely misses you.
The jackal bites you but does no damage.
The gnoll misses you.
You barely miss the jackal.
The jackal bites you but does no damage.
The gnoll misses you.
The jackal bites you but does no damage.
You barely miss the jackal. The gnoll barely misses you.
The jackal bites you but does no damage.
You closely miss the jackal. The jackal misses you.
The gnoll barely misses you. The jackal barely misses you.
The gnoll barely misses you.
You closely miss the jackal.
The jackal bites you but does no damage.
The gnoll hits you from afar with a +0 halberd!
The jackal barely misses you.
You take 8 damage, and have 13/23 hp.
MASSIVE DAMAGE!!
You sock the jackal!
You kill the jackal!
The gnoll hits you from afar with a +0 halberd!
* * * LOW HITPOINT WARNING * * *
You take 10 damage, and have 3/23 hp.
MASSIVE DAMAGE!!
The gnoll hits you from afar with a +0 halberd!
Ouch! That really hurt!
You die...

#######....##
#............
#.#####....##
#.##.......#
##.##.......#
######..##....####
#......########
#####..#####
#.....@#
#...#.P#+#+#
#......g...#
#...#.P#...#
#...#..#...#
#>..#..# ###
#...#... #...####
#.


You could see a gnoll.

Vanquished Creatures
  An adder (D:2)
  3 bats
  5 endoplasms
  4 goblins
  8 hobgoblins
  5 jackals
  3 kobolds
  2 quokkas
  4 ball pythons
  2 frilled lizards (D:1)
  A rat (D:1)
38 creatures vanquished.

Notes
Turn   | Place    | Note
-------+----------+-------------------------------------------
     0 | D:1      | sokol815 the Gargoyle Monk began the quest for the Orb.
     0 | D:1      | Reached XP level 1. HP: 14/14 MP: 1/1
    78 | D:1      | Reached XP level 2. HP: 9/19 MP: 2/2
   436 | D:1      | Reached skill level 4 in Maces & Flails
   574 | D:1      | Reached XP level 3. HP: 23/23 MP: 3/3
   899 | D:1      | You fall into a shaft and drop 1 floor!
  1264 | D:2      | HP: 3/23 [gnoll/+0 halberd (11)]
  1266 | D:2      | Mangled by a gnoll

Illustrated notes

Levels and vault maps discovered:
D:1:      spicycebolla_arrival_ecumenical, layout_basic, minmay_tromino_v7
D:2:      layout_basic, cheibrodos_gnoll_hut

Skill      XL: |  1  2 |
---------------+-------+-----
Maces & Flails | 4 |  4.7
Fighting       | |  3.2
Dodging        | |  2.4
Stealth        | |  2.1

Action                   || total
-------------------------++-------
Melee: Mace              ||   115
       Punch             ||     2
Throw: Stone             ||    49
 Stab: Sleeping          ||     2
Armor: Robe              ||     9
       Leather armour    ||    36
Dodge: Dodged            ||    82

Table legend: (Time is in decaauts)
 A = Elapsed time spent in this place.
 B = Non-inter-level travel time spent in this place.
 C = Inter-level travel time spent in this place.
 D = Time resting spent in this place.
 E = Time spent auto-exploring this place.
 F = Levels seen in this place.
 G = Mean time per level.
                   A        B        C        D        E       F      G
               +--------+--------+--------+--------+--------+-----+--------+
         Total |   1293 |   1270 |     23 |     40 |    950 |   2 |  646.5 |
       Dungeon |   1293 |   1270 |     23 |     40 |    950 |   2 |  646.5 |
               +--------+--------+--------+--------+--------+-----+--------+

Top non-repeatable levels by time:
     D:1: 917 daAuts
     D:2: 376 daAuts

Table legend:
 A = Kills in this place as a percentage of kills in entire the game.
 B = Kills by you in this place as a percentage of kills by you in the entire game.
 C = Kills by friends in this place as a percentage of kills by friends in the entire game.
 D = Other kills in this place as a percentage of other kills in the entire game.
 E = Experience gained in this place as a percentage of experience gained in the entire game.
 F = Experience gained in this place divided by the number of levels of this place that you have seen.
                   A       B       C       D       E      F
               +-------+-------+-------+-------+-------+----------------------
         Total | 100.0 | 100.0 |   N/A |   N/A | 100.0 |  40.5
       Dungeon | 100.0 | 100.0 |   N/A |   N/A | 100.0 |  40.5
               +-------+-------+-------+-------+-------+----------------------
